 Dungeon Crawl Stone Soup version 0.31-a0-1338-gb567cfdca4 (webtiles) character file.

Game seed: 8237189800511565429

36 LeprechaunX the Changeling (level 3, -2/23 HPs)
             Began as an Octopode Shapeshifter on Dec 21, 2023.
             Succumbed to Robin's poison
             ... on level 2 of the Dungeon.
             The game lasted 00:01:09 (702 turns).

LeprechaunX the Changeling (Octopode Shapeshifter)   Turns: 702, Time: 00:01:09

Health: -2/23      AC:  1    Str: 15    XL:     3   Next: 37%
Magic:  3/3        EV: 13    Int: 12    God:
Gold:   113        SH:  0    Dex: 11    Spells: 2/2 levels left

rFire   . .          .
                       - Unarmed
rCold   . . .        (no shield)
rNeg    . . .        (helmet currently unavailable)
rPois   .            (no amulet)
rElec   .            (no ring)
rCorr   .            (no ring)
SInv    .            (no ring)
Will    .....        (no ring)
Stlth   ++           (no ring)
HPRegen 0.23/turn    (no ring)
MPRegen 0.08/turn    (no ring)
                     (no ring)

%: no passive effects
@: lethally poisoned (-2 -> -14), beast-form
A: beast (slay +2), almost no armour, amphibious, 8 rings, camouflage 1,
gelatinous body 1, (nimble swimmer 1), tentacles
a: Begin Untransformation


You were on level 2 of the Dungeon.
You were a hulking beast.
You visited 1 branch of the dungeon, and saw 2 of its levels.

You collected 113 gold pieces.

Inventory:

Missiles
 d - 5 javelins
Talismans
 b - a beast talisman
 c - a flux talisman
Scrolls
 e - 2 scrolls of identify {unknown}
 f - a scroll of enchant weapon {unknown}
Potions
 a - a potion of lignification
 g - a potion of degeneration {unknown}
 h - a potion of curing {unknown}
 i - a potion of cancellation {unknown}


   Skills:
 + Level 1.5 Fighting
 + Level 1.0 Throwing
 - Level 2.0 Dodging
 + Level 3.3 Unarmed Combat
 * Level 3.5 Shapeshifting


You had 2 spell levels left.
You didn't know any spells.
Your spell library contained the following spells:

 Spells                   Type           Power      Damage    Failure   Level
 Dazzling Flash           Conj/Hex       0%         N/A       69%         3
 Mephitic Cloud           Conj/Alch/Air  0%         N/A       69%         3
 Agony                    Necr           0%         N/A       100%        5
 Silence                  Hex/Air        0%         N/A       100%        5


Dungeon Overview and Level Annotations

Branches:
Dungeon (2/15)

Altars:

Annotations:
D:2 Robin


Innate Abilities, Weirdness & Mutations

You are a hulking beast.
Your limbs bulge with bestial killing power. (Slay +2)
You cannot wear most types of armour.
You are amphibious.
You can wear up to eight rings at the same time.
Your skin changes colour to match your surroundings (Stealth+).
Your rubbery body absorbs attacks. (AC +1, EV +1)
((You are camouflaged when in or above water. (Stealth+)))
You have tentacles for arms and can constrict up to eight enemies at once.


Message History

You see here a hobgoblin corpse.
An endoplasm comes into view.
The endoplasm quivers.
Found 14 gold pieces.
Robin says, "Bow before me, strongest of all the hobgoblins!"
The goblin attacks as it pursues you! The goblin hits you with a +0 club.
Robin throws the goblin at you! The goblin closely misses you.
The goblin attacks as it pursues you! The goblin closely misses you.
The goblin attacks as it pursues you! The goblin barely misses you.
The goblin attacks as it pursues you! The goblin closely misses you.
You tentacle-slap the goblin.
You kill the goblin!
The goblin no longer looks unusually strong.
The goblin no longer looks unusually strong.
You see here a +0 hand axe of flaming.
Unknown command.
You swing at nothing.
You closely miss the goblin. Your grab misses the goblin.
Your squeeze misses the goblin. The goblin hits you with a +0 club.
You barely miss the goblin. Your grab misses the goblin.
The goblin hits you with a +0 club.
You tentacle-slap the goblin.
You kill the goblin!
You closely miss the goblin. Your grab misses the goblin.
The goblin hits you with a +0 club.
You barely miss the goblin. You grab the goblin. You squeeze the goblin.
You kill the goblin!
Your Throwing skill increases to level 1!
You tentacle-slap the endoplasm.
The endoplasm is heavily wounded.
The endoplasm hits you.
You tentacle-slap the endoplasm.
You kill the endoplasm!
Robin barely misses you.
You swing at nothing.
Robin hits you from afar with a +0 spear of venom.
* * * LOW HITPOINT WARNING * * *
You are lethally poisoned!
Unknown command.
You die...

........##).##.............#
........###.##.............####
..............g.#...............
.....#######.#.##.J............?
.#### #..>##..)..........?.
###.##.g....#####.###
#.##......# .# #.###g##### .#
#.h.).# #######


You could see Robin and a goblin (wandering).

Vanquished Creatures
  An adder (D:2)
  2 bats (D:1)
  2 endoplasms
  2 giant cockroaches (D:1)
  5 goblins
  3 hobgoblins (D:2)
  A quokka (D:1)
  2 frilled lizards (D:1)
  3 kobolds (D:1)
  4 rats
25 creatures vanquished.

Notes
Turn   | Place    | Note
-------+----------+-------------------------------------------
     0 | D:1      | LeprechaunX the Octopode Shapeshifter began the quest for
                  | the Orb.
     0 | D:1      | Reached XP level 1. HP: 13/13 MP: 1/1
   121 | D:1      | Reached XP level 2. HP: 18/18 MP: 2/2
   618 | D:2      | Reached XP level 3. HP: 22/23 MP: 3/3
   664 | D:2      | Noticed Robin
   699 | D:2      | Reached skill level 1 in Throwing
   701 | D:2      | HP: 1/23 [Robin/+0 spear of venom (6)]
   702 | D:2      | Succumbed to Robin's poison

Illustrated notes

Levels and vault maps discovered:
D:1:      giann_bridges, layout_basic, minmay_misc_feat_more_columns
D:2:      layout_basic, ebering_ecumenical_altar_box, uniq_robin

Skill      XL: |  1  2  3 |
---------------+----------+-----
Throwing       | 1 |  1.0
Fighting       | |  1.5
Dodging        | |  2.0
Unarmed Combat | |  3.3
Shapeshifting  | |  3.5

Action                     || total
---------------------------++-------
  Melee: Unarmed           ||    48
         Constrict         ||    11
         Tentacles         ||     6
         Punch             ||     1
   Stab: Sleeping          ||     2
 Armour: Skin              ||    27
  Dodge: Dodged            ||    31

Table legend: (Time is in decaauts)
 A = Elapsed time spent in this place.
 B = Non-inter-level travel time spent in this place.
 C = Inter-level travel time spent in this place.
 D = Time resting spent in this place.
 E = Time spent auto-exploring this place.
 F = Levels seen in this place.
 G = Mean time per level.
                   A        B        C        D        E       F      G
               +--------+--------+--------+--------+--------+-----+--------+
         Total |    699 |    675 |     24 |      0 |    524 |   2 |  349.5 |
       Dungeon |    699 |    675 |     24 |      0 |    524 |   2 |  349.5 |
               +--------+--------+--------+--------+--------+-----+--------+

Top non-repeatable levels by time:
     D:1: 544 daAuts
     D:2: 154 daAuts
